 Dungeon Crawl Stone Soup version 0.28-a0-1447-ga5a8893891 (webtiles) character file.

Game seed: 15104246371458495006

22 hashsling the Twirler (level 2, 0/28 HPs)
             Began as a Gargoyle Gladiator on Jan 11, 2022.
             Slain by Terence (1 damage)
             ... on level 2 of the Dungeon.
             The game lasted 00:02:22 (1302 turns).

hashsling the Twirler (Gargoyle Gladiator)          Turns: 1302, Time: 00:02:24

Health: 0/28       AC: 21    Str: 17    XL:     2   Next: 91%
Magic:  2/2        EV:  2    Int:  8    God:
Gold:   71         SH:  0    Dex: 11    Spells: 1/1 levels left

rFire   . . .      SeeInvis .   a - +0 quarterstaff
rCold   . . .      Faith    .   (shield currently unavailable)
rNeg    + . .      Spirit   .   (armour currently unavailable)
rPois   ∞          Reflect  .   (helmet currently unavailable)
rElec   .          Harm     .   (cloak currently unavailable)
rCorr   .          Rampage  .   (gloves currently unavailable)
Will    .....      NoTele   +   (boots currently unavailable)
Stlth   +.........              (no amulet)
HPRegen 0.09/turn               (no ring)
MPRegen 0.08/turn               (no ring)

@: tree-form
A: stationary, stasis, torment immunity, boosted hp, sickness immunity, AC +2,
negative energy resistance 1, (electricity resistance), torment resistance 1,
petrification resistance
a: no special abilities


You were on level 2 of the Dungeon.
You were a tree.
You visited 1 branch of the dungeon, and saw 2 of its levels.

You collected 71 gold pieces.

Inventory:

Hand Weapons
 a - a +0 quarterstaff (weapon)
Missiles
 e - 41 stones (quivered)
Armour
 b - a +0 leather armour (melded)
 c - a +0 helmet (melded)
Scrolls
 i - a scroll of blinking {unknown}
Potions
 f - a potion of lignification
 g - a potion of degeneration {unknown}
 h - a potion of heal wounds {unknown}
 j - a potion of berserk rage {unknown}


   Skills:
 * Level 3.0 Fighting
 * Level 3.5 Staves
 - Level 1.7 Throwing
 - Level 2.4 Dodging


You had one spell level left.
You didn't know any spells.
Your spell library was empty.

Dungeon Overview and Level Annotations

Branches:
Dungeon (2/15)

Altars:

Annotations:
D:2 Terence


Innate Abilities, Weirdness & Mutations

You are a tree.
Your roots penetrate the ground, keeping you stationary.
You cannot be teleported.
You are immune to unholy pain and torment.
Your maximum health is greatly increased.
Your equipment is partially melded.
You are immune to sickness and miasma.
((Your stone body is resilient. (AC +2)))
You are immune to poison.
You resist negative energy. (rN+)
((You are resistant to electric shocks. (rElec)))
You are resistant to unholy torment.
You are immune to petrification.


Message History

Your roots penetrate the ground.
Terence hits you but does no damage.
Hit: a) +0 quarterstaff
Press: ? - help, Dir - move target, f/p - Terence
Aim: Terence, wielding a +2 short sword of speed and wearing a +0 chain mail (heavily wounded, about 33% to evade your +0 quarterstaff)
You hit Terence.
Terence is heavily wounded.
Terence hits you with a +2 short sword of speed.
* * * LOW HITPOINT WARNING * * *
The dart slug struggles against the net.
Terence hits you but does no damage.
Hit: a) +0 quarterstaff
Press: ? - help, Dir - move target, f/p - Terence
Aim: Terence, wielding a +2 short sword of speed and wearing a +0 chain mail (heavily wounded, about 33% to evade your +0 quarterstaff)
You hit Terence but do no damage.
Terence is heavily wounded.
Terence hits you but does no damage.
The dart slug struggles against the net.
Terence hits you but does no damage.
Hit: a) +0 quarterstaff
Press: ? - help, Dir - move target, f/p - Terence
Aim: Terence, wielding a +2 short sword of speed and wearing a +0 chain mail (heavily wounded, about 33% to evade your +0 quarterstaff)
You closely miss Terence.
Terence is heavily wounded.
Terence hits you with a +2 short sword of speed.
* * * LOW HITPOINT WARNING * * *
The dart slug struggles against the net.
Hit: a) +0 quarterstaff
Press: ? - help, Dir - move target, f/p - Terence
Aim: Terence, wielding a +2 short sword of speed and wearing a +0 chain mail (heavily wounded, about 33% to evade your +0 quarterstaff)
You completely miss Terence.
Terence is heavily wounded.
Terence hits you but does no damage. x2
The dart slug struggles against the net.
Hit: a) +0 quarterstaff
Press: ? - help, Dir - move target, f/p - Terence
Aim: Terence, wielding a +2 short sword of speed and wearing a +0 chain mail (heavily wounded, about 33% to evade your +0 quarterstaff)
You sock Terence!
Terence is almost dead.
Terence hits you with a +2 short sword of speed.
You die...

.... ... ... .. #.##
..# # #.# ####. #♣#
...#.######@##
#....$....w.#
#......##..#######
#....@.##.........
##..#w....<.......
####..#..##..........
..>.....##...........
........##.#..#######


You could see Terence and a dart slug (caught).

Vanquished Creatures
  2 dart slugs (D:1)
  3 ball pythons (D:1)
  2 endoplasms (D:1)
  3 giant cockroaches (D:1)
  2 hobgoblins (D:1)
  2 kobolds (D:1)
  A bat (D:1)
  A frilled lizard (D:1)
16 creatures vanquished.

Notes
Turn   | Place    | Note
-------+----------+-------------------------------------------
     0 | D:1      | hashsling the Gargoyle Gladiator began the quest for the
                  | Orb.
     0 | D:1      | Reached XP level 1. HP: 12/12 MP: 1/1
   232 | D:1      | Found a faded altar of an unknown god.
   471 | D:1      | Reached XP level 2. HP: 15/18 MP: 2/2
  1276 | D:2      | Noticed Terence
  1300 | D:2      | HP: 1/28 [Terence (5)]
  1302 | D:2      | Slain by Terence

Illustrated notes

Levels and vault maps discovered:
D:1:      co_arrival_random_square_maze, layout_loops_corners,
          shapermc_ecumenical_altar_notcrosses, minmay_bisected
D:2:      layout_rooms, uniq_terence, uniq_crazy_yiuf_cottage

Skill      XL: |  1  2 |
---------------+-------+-----
Fighting       | 3 |  3.0
Staves         | |  3.5
Throwing       | |  1.7
Dodging        | |  2.4

Action                   || total
-------------------------++-------
Melee: Quarterstaff      ||    54
Throw: Throwing net      ||     4
  Use: Potion            ||     1
Armor: Leather armour    ||    11
       Skin              ||     6
Dodge: Dodged            ||    26

Table legend: (Time is in decaauts)
 A = Elapsed time spent in this place.
 B = Non-inter-level travel time spent in this place.
 C = Inter-level travel time spent in this place.
 D = Time resting spent in this place.
 E = Time spent auto-exploring this place.
 F = Levels seen in this place.
 G = Mean time per level.
                   A        B        C        D        E       F      G
               +--------+--------+--------+--------+--------+-----+--------+
         Total |   1308 |   1285 |     23 |      0 |   1135 |   2 |  654.0 |
       Dungeon |   1308 |   1285 |     23 |      0 |   1135 |   2 |  654.0 |
               +--------+--------+--------+--------+--------+-----+--------+

Top non-repeatable levels by time:
     D:1: 1261 daAuts
     D:2: 46 daAuts
